 Dungeon Crawl Stone Soup version 0.31-a0-931-g7b59d4eb97 (webtiles) character file.

Game seed: 7645392721397104165

408 AppTheSpectato the Cleaver (level 6, -3/52 HPs)
             Began as a Hill Orc Monk on Oct 18, 2023.
             Was a Believer of Beogh.
             Slain by a killer bee (6 damage)
             ... on level 4 of the Dungeon on Oct 19, 2023.
             The game lasted 00:16:56 (3208 turns).

AppTheSpectato the Cleaver (Hill Orc Monk)          Turns: 3208, Time: 00:16:56

Health: -3/52      AC:  5    Str: 14    XL:     6   Next: 88%
Magic:  6/6        EV: 12    Int: 10    God:    Beogh [**....]
Gold:   161        SH:  0    Dex: 15    Spells: 5/5 levels left

rFire   . . .        v - +0 war axe
rCold   . . .        d - orb {light}
rNeg    . . .        b - +0 robe
rPois   .            u - +2 helmet
rElec   .            (no cloak)
rCorr   +            (no gloves)
SInv    .            (no boots)
Will    .....        k - amulet of the acrobat
Stlth   +            q - ring of resist corrosion
HPRegen 0.28/turn    (no ring)
MPRegen 0.10/turn

%: acrobat
@: confused, lethally poisoned (-3 -> -17), ambrosia-drunk, glowing
A: no striking features
a: Renounce Religion, Smiting


You were on level 4 of the Dungeon.
You worshipped Beogh.
Beogh was pleased with you.
You visited 1 branch of the dungeon, and saw 4 of its levels.

You collected 161 gold pieces.

Inventory:

Hand Weapons
 a - a +0 hand axe
 v - a +0 war axe (weapon)
Armour
 b - a +0 robe (worn)
 d - an orb of light (worn)
 u - a +2 helmet (worn)
Magical Staves
 f - a staff of fire
Jewellery
 k - an amulet of the acrobat (around neck)
 q - a ring of resist corrosion (left hand)
Talismans
 s - a serpent talisman
Scrolls
 h - 2 scrolls of immolation {unknown}
 i - a scroll of fear {unknown}
 j - 3 scrolls of identify {unknown}
 l - a scroll of summoning {unknown}
 r - a scroll of teleportation {unknown}
 t - a scroll of vulnerability {unknown}
 x - a scroll of amnesia {unknown}
Potions
 c - a potion of ambrosia
 e - a potion of magic {unknown}
 g - 2 potions of curing {unknown}
 m - 3 potions of heal wounds {unknown}
 n - 2 potions of attraction {unknown}
 o - a potion of brilliance {unknown}
 p - a potion of mutation {unknown}
 w - a potion of lignification {unknown}


   Skills:
 - Level 3.7 Fighting
 + Level 9.7 Axes
 - Level 2.5 Dodging


You had 5 spell levels left.
You didn't know any spells.
Your spell library was empty.

Dungeon Overview and Level Annotations

Branches:
Dungeon (4/15)
 Temple: D:4-7

Altars:
Yredelemnul

Shops:
D:1 :


Message History

You hit the killer bee. You miss the killer bee. You hit the killer bee.
The killer bee misses you.
The killer bee stings you but does no damage.
The killer bee closely misses you. The killer bee barely misses you.
The killer bee stings you!
You are poisoned.
The killer bee poisons you! The killer bee misses you.
The killer bee stings you. The killer bee barely misses you.
You slash the killer bee!
You kill the killer bee!
Beogh accepts your kill.
You hit the killer bee. You miss the killer bee.
You hit the killer bee but do no damage.
You feel sick. The killer bee barely misses you.
The killer bee closely misses you. The killer bee barely misses you.
The killer bee stings you. x2
You slash the killer bee!
You kill the killer bee!
Beogh accepts your kill.
You barely miss the killer bee. You closely miss the killer bee. x2
You feel sick. The killer bee stings you. The killer bee closely misses you.
The killer bee barely misses you. The killer bee misses you.
The killer bee stings you!
* * * LOW HITPOINT WARNING * * *
The killer bee stings you.
* * * LOW HITPOINT WARNING * * *
You are more poisoned.
The killer bee poisons you!
You are confused.
You feel invigorated.
You feel very sick. The killer bee stings you.
* * * LOW HITPOINT WARNING * * *
You are lethally poisoned!
The killer bee poisons you!
The killer bee stings you but does no damage.
The killer bee stings you!
* * * LOW HITPOINT WARNING * * *
The killer bee closely misses you. The killer bee stings you.
You die...

####################
....................
#...................
..†<........########
#.#)).#####.#########
...)................#
....................#
..........#####..y..#
.........## #.@yo.#
########## ###y......
....... .......
#...... ...... ......
...)..


You could see 3 killer bees and an orc.

Vanquished Creatures
  A scorpion (D:4)
  2 killer bees (D:4)
  Jessica (D:2)
  An orc wizard (D:3)
  Robin (D:3)
  3 gnolls (D:4)
  6 adders
  2 worms (D:3)
  5 dart slugs (D:3)
  4 orcs (D:3)
  4 bats
  9 endoplasms
  8 giant cockroaches
  13 goblins
  5 hobgoblins
  2 jackals (D:1)
  4 quokkas
  7 ball pythons
  6 frilled lizards
  5 kobolds
  8 rats
97 creatures vanquished.

Vanquished Creatures (others)
  3 orcs (D:3)
3 creatures vanquished.

Grand Total: 100 creatures vanquished

Notes
Turn   | Place    | Note
-------+----------+-------------------------------------------
     0 | D:1      | AppTheSpectato the Hill Orc Monk began the quest for the
                  | Orb.
     0 | D:1      | Reached XP level 1. HP: 19/19 MP: 1/1
   292 | D:1      | Reached XP level 2. HP: 25/27 MP: 2/2
   371 | D:1      | Found Cily Pohyof's Book Boutique.
   389 | D:1      | Found a faded altar of an unknown god.
   447 | D:1      | Reached skill level 5 in Axes
   595 | D:1      | Reached XP level 3. HP: 33/33 MP: 3/3
  1010 | D:2      | Upgraded the game from 0.31-a0-925-g0a390f2509 to
                  | 0.31-a0-931-g7b59d4eb97
  1157 | D:2      | Noticed Jessica
  1168 | D:2      | Killed Jessica
  1169 | D:2      | Reached skill level 6 in Axes
  1169 | D:2      | Reached XP level 4. HP: 31/40 MP: 4/4
  1360 | D:2      | Reached skill level 7 in Axes
  1789 | D:3      | Reached XP level 5. HP: 46/46 MP: 5/5
  1928 | D:3      | Became a worshipper of Beogh the Brigand
  1928 | D:3      | Reached * piety under Beogh
  1928 | D:3      | Reached ** piety under Beogh
  2144 | D:3      | Noticed Robin
  2311 | D:3      | Killed Robin
  2322 | D:3      | Reached skill level 8 in Axes
  2651 | D:3      | Reached XP level 6. HP: 35/52 MP: 6/6
  2999 | D:3      | Found a basalt altar of Yredelemnul.
  3086 | D:4      | Reached skill level 9 in Axes
  3208 | D:4      | Slain by a killer bee

Illustrated notes

Levels and vault maps discovered:
D:1:      dpeg_arrival_chambers_temple_mockup, layout_basic, serial_curves,
          eino_curves_02, eino_curves_01, eino_curves_02,
          ebering_ecumenical_altar_hall, serial_shops, shop
D:2:      layout_basic, uniq_jessica
D:3:      kennysheep_slugbush, layout_loops_ring, lemuel_coloured_pillars_altar,
          uniq_robin
D:4:      layout_basic, nicolae_tso_swordbearing_angel, lemuel_tele_altar,
          nicolae_hepliaklqana_hippocampus, nicolae_specific_store

Skill      XL: |  1  2  3  4  5  6 |
---------------+-------------------+-----
Axes           | 5 6 7 8 9 |  9.7
Fighting       | |  3.7
Dodging        | |  2.5

Action                     |  1- 3 |  4- 6 || total
---------------------------+-------+-------++-------
  Melee: Hand axe          |    77 |   186 ||   263
         War axe           |       |    17 ||    17
 Invoke: Smiting           |       |     1 ||     1
         Convert to Beogh  |       |     1 ||     1
    Use: Potion            |       |     1 ||     1
 Armour: Robe              |    23 |   107 ||   130
  Dodge: Dodged            |    52 |   165 ||   217

Table legend: (Time is in decaauts)
 A = Elapsed time spent in this place.
 B = Non-inter-level travel time spent in this place.
 C = Inter-level travel time spent in this place.
 D = Time resting spent in this place.
 E = Time spent auto-exploring this place.
 F = Levels seen in this place.
 G = Mean time per level.
                   A        B        C        D        E       F      G
               +--------+--------+--------+--------+--------+-----+--------+
         Total |   3211 |   3035 |    176 |    410 |   1661 |   4 |  802.8 |
       Dungeon |   3211 |   3035 |    176 |    410 |   1661 |   4 |  802.8 |
               +--------+--------+--------+--------+--------+-----+--------+

Top non-repeatable levels by time:
     D:3: 1310 daAuts
     D:1: 978 daAuts
     D:2: 795 daAuts
     D:4: 127 daAuts
